 Seeded DCSS version 0.30.0 (webtiles) character file.

Game seed: 7229806256980976716 (custom seed)

1 bananamous the Trooper (level 1, 19/19 HPs)
             Began as a Draconian Berserker on July 10, 2023.
             Was a Follower of Trog.
             Got out of the dungeon alive.
             The game lasted 00:02:50 (138 turns).

bananamous the Trooper (Draconian Berserker)         Turns: 138, Time: 00:02:50

Health: 19/19      AC:  4    Str: 19    XL:     1   Next: 16%
Magic:  1/1        EV: 12    Int:  7    God:    Trog [*.....]
Gold:   17         SH:  0    Dex: 10    Spells: 0/0 levels left

rFire   . . .        a - +0 hand axe
rCold   . . .        (no shield)
rNeg    . . .        (body armour unavailable)
rPois   .            (helmet restricted)
rElec   .            (no cloak)
rCorr   .            (no gloves)
SInv    .            (no boots)
Will    .....        (no amulet)
Stlth   +            (no ring)
HPRegen 0.23/turn    (no ring)
MPRegen 0.07/turn

%: no passive effects
@: no status effects
A: AC +4, unfitting armour, cold-blooded
a: Renounce Religion, Berserk


You escaped.
You worshipped Trog.
Trog was aware of your devotion.
You visited 1 branch of the dungeon, and saw 1 of its levels.

You collected 17 gold pieces.

Inventory:

Hand Weapons
 a - a +0 hand axe (weapon)
Armour
 c - the +1 cloak of Starlight {*Dazzle EV+4 Stlth--}
   (You acquired it on level 1 of the Dungeon)

   *Dazzle:   It may blind those who miss an attack against the wearer in melee
   combat.
   EV:        It affects your evasion (+4).
   Stlth:     It makes you much less stealthy.
 e - the +0 buckler "Rull" {Regen+}
   (You acquired it on level 1 of the Dungeon)

   Regen:     It increases your rate of health regeneration.
Jewellery
 d - the ring of the Wild Haggis {rF+ Dex+2 Slay+2}
   (You acquired it on level 1 of the Dungeon)

   [ring of protection from fire]

   Dex:       It affects your dexterity (+2).
   Slay:      It affects your accuracy & damage with ranged weapons and melee
   (+2).
   rF:        It protects you from fire.
Scrolls
 b - 2 scrolls of amnesia {unknown}


   Skills:
 + Level 3.3 Fighting
 * Level 3.0 Axes
 - Level 2.6 Dodging


You couldn't memorise any spells.
You didn't know any spells.
Your spell library was empty.

Dungeon Overview and Level Annotations

Branches:
Dungeon (1/15)

Altars:


Innate Abilities, Weirdness & Mutations

Your plain brown scales are hard. (AC +4)
You cannot fit into any form of body armour.
You are cold-blooded and may be slowed by cold attacks.


Message History

Found 17 gold pieces.
You now have 17 gold pieces.
Found 2 scrolls labelled FUSKUR VIKLOEP.
b - 2 scrolls labelled FUSKUR VIKLOEP A quokka comes into view.
Found 3 scrolls labelled RAGIOR NADERHA.
Found 3 stones.
c - 3 scrolls labelled RAGIOR NADERHA This is a scroll of acquirement!
Something appears at your feet!
You miss the quokka.
The quokka bites you but does no damage.
You closely miss the quokka. The quokka closely misses you.
You closely miss the quokka.
The quokka bites you but does no damage.
The quokka misses you.
You hit the quokka.
The quokka is moderately wounded.
The quokka barely misses you.
You hit the quokka.
You kill the quokka!
Trog accepts your kill.
No target in view!
No target in view!
Something appears at your feet! Something appears at your feet!
c - the +1 cloak of Starlight {*Dazzle EV+4 Stlth--}
d - the ring of the Wild Haggis {rF+ Dex+2 Slay+2} You see here the +0 buckler "Rull" {Regen+}.
e - the +0 buckler "Rull" {Regen+}
(D) Dungeon
Where to? (Enter - D:1 @ (x,y), ? - help)
Okay, then.
(D) Dungeon
Where to? (Enter - D:1 @ (x,y), ? - help)
What level of the Dungeon? (default 1, ? - help)
There is an open door here.
There is a staircase leading out of the dungeon here.
Are you sure you want to leave the Dungeon?
This will make you lose the game!
You have escaped!

#.# # ###.#
####.#####...#
.............#
##+#+#'##...#
###.#.#.###..#
##⌠.P.P.⌠##.##
##.......###.##
##...@...####.##
###########..#.#
##♣..>..♣###..##
##.......###.##
##♣.⌠_⌠.♣##..#########
#####⌠#####...........
############.########
#.# #.#


There were no monsters in sight!

Vanquished Creatures
  A quokka (D:1)
1 creature vanquished.

Notes
Turn   | Place    | Note
-------+----------+-------------------------------------------
     0 | D:1      | bananamous the Draconian Berserker began the quest for the
                  | Orb.
     0 | D:1      | Reached XP level 1. HP: 19/19 MP: 1/1
    46 | D:1      | Identified 3 scrolls of acquirement
    46 | D:1      | Acquired the +0 buckler "Rull" {Regen+}
    74 | D:1      | Acquired the +1 cloak of Starlight {*Dazzle EV+4 Stlth--}
    74 | D:1      | Found the +1 cloak of Starlight {*Dazzle EV+4 Stlth--}
    75 | D:1      | Acquired the ring of the Wild Haggis {rF+ Dex+2 Slay+2}
   138 | D:$      | Got out of the dungeon alive.

Illustrated notes

Levels and vault maps discovered:
D:1:      spicycebolla_arrival_ecumenical, layout_loops_ring

Action                     || total
---------------------------++-------
  Melee: Hand axe          ||     7
    Use: Scroll            ||     3
 Armour: Skin              ||     2
  Dodge: Dodged            ||     3
